 Dungeon Crawl Stone Soup version 0.16.1 (webtiles) character file.

3550 FedoraBrony69 the Thaumaturge (level 9, -10/45 HPs)
             Began as a Deep Elf Conjurer on May 7, 2015.
             Was a Follower of Vehumet.
             Rolled over by a boulder beetle (28 damage)
             ... on level 8 of the Dungeon.
             The game lasted 00:21:27 (8400 turns).

FedoraBrony69 the Thaumaturge (Deep Elf Conjurer)   Turns: 8400, Time: 00:21:27

Health: -10/45     AC: 14    Str:  5    XL:     9   Next: 83%
Magic:  12/31      EV: 13    Int: 26    God:    Vehumet [*.....]
Gold:   539        SH:  0    Dex: 15    Spells: 3 memorised, 21 levels left

rFire  . . .     SeeInvis .     r - +2 dagger (protect)
rCold  . . .     Clarity  .     a - +0 robe
rNeg   . . .     SustAb   .     (no shield)
rPois  .         Gourm    .     x - +0 helmet
rElec  .         Spirit   .     (no cloak)
rCorr  +         Warding  .     (no gloves)
rMut   .         Stasis   .     K - +0 pair of boots
MR     .....                    i - amulet of resist corrosion
Stlth  ++........               N - +5 ring of protection
                                q - +2 ring of intelligence

@: not resistant to hostile enchantments, unstealthy
A: no striking features
a: Renounce Religion


You were on level 8 of the Dungeon.
You worshipped Vehumet.
Vehumet was aware of your devotion.
You were not hungry.

You visited 2 branches of the dungeon, and saw 9 of its levels.

You collected 539 gold pieces.

Inventory:

Hand weapons
 r - a +2 dagger of protection (weapon)
 u - a cursed +0 club
Armour
 a - a +0 robe (worn)
 x - a +0 helmet (worn)
 K - a +0 pair of boots (worn)
Jewellery
 i - an amulet of resist corrosion (around neck)
 o - an uncursed ring of stealth
 q - a +2 ring of intelligence (left hand)
 G - an uncursed ring of fire
 N - a +5 ring of protection (right hand)
Magical devices
 m - a wand of random effects (21)
 p - a wand of flame (14)
 v - a wand of random effects (19)
 z - a wand of paralysis (13)
 Q - a wand of enslavement (14)
Scrolls
 d - 10 scrolls of identify {unknown}
 e - a scroll of magic mapping
 g - 2 scrolls of noise {unknown}
 j - 4 scrolls of fog {unknown}
 s - a scroll of blinking {unknown}
 y - a scroll of teleportation {unknown}
 B - 5 scrolls of remove curse {unknown}
 D - 4 scrolls of enchant weapon {unknown}
 E - a scroll of immolation {unknown}
 F - a scroll of summoning {unknown}
 H - 2 scrolls of vulnerability {unknown}
 J - a scroll of enchant armour {unknown}
 P - a scroll of fear {unknown}
Potions
 f - a potion of invisibility
 l - a potion of magic
 n - 5 potions of curing
 t - 2 potions of mutation {unknown}
 w - 2 potions of cancellation {unknown}
 A - 2 potions of poison {unknown}
 C - 3 potions of agility {unknown}
 I - a potion of lignification {unknown}
 L - a potion of berserk rage {unknown}
 S - a potion of heal wounds {unknown}
Books
 c - a book of Conjurations

   Spells                             Type                      Level
   a - Magic Dart                     Conjuration                  1
   b - Searing Ray                    Conjuration                  2
   c - Dazzling Spray                 Conjuration/Hexes            3
   d - Fulminant Prism                Conjuration/Hexes            4
   e - Iskenderun's Mystic Blast      Conjuration                  4
   f - Iskenderun's Battlesphere      Conjuration/Charms           5
Comestibles
 b - 13 bread rations
 h - 2 royal jellies
 k - a meat ration
 M - 6 beef jerkies
 O - 3 chunks of flesh
 R - 3 fruits


   Skills:
 - Level 2.4 Dodging
 - Level 2.4 Stealth
 + Level 11.6 Spellcasting
 + Level 10.7 Conjurations
 - Level 9.0 Charms


You had 21 spell levels left.
You knew the following spells:

 Your Spells              Type           Power        Failure   Level  Hunger
a - Magic Dart            Conj           ####         1%          1    None
b - Iskenderun's Battles  Conj/Chrm      ######..     1%          5    ###....
c - Iskenderun's Mystic   Conj           ######..     1%          4    None


Dungeon Overview and Level Annotations

Branches:
Dungeon (8/15)             Temple (1/1) D:6
   Lair: D:8-11

Altars:
Ashenzari
Cheibriados
Elyvilon
Fedhas
Gozag
Kikubaaqudgha
Makhleb
Okawaru
Qazlal
Ru
Trog
Vehumet
Yredelemnul
The Shining One

Shops:
D:4 *   D:6 %


Message History

The barrage of energy hits the boulder beetle.
The boulder beetle is moderately wounded.
The boulder beetle smashes into you!
Ouch! That really hurt!
The boulder beetle stops rolling.
Casting: Iskenderun's Mystic Blast
Confirm with . or Enter, or press ? or * to list all spells.
Aiming: Iskenderun's Mystic Blast
Press: ? - help, Shift-Dir - straight line, f/p - boulder beetle
Aim: a boulder beetle (sparse dust, moderately wounded)
The orb of energy hits the boulder beetle.
The boulder beetle is moderately wounded.
The orb of energy explodes!
Your battlesphere fires!
The barrage of energy hits the boulder beetle.
The boulder beetle is moderately wounded.
The boulder beetle curls into a ball and starts rolling!
The boulder beetle smashes into you!
Ouch! That really hurt!
You die...

....#...>.# ####....###########
....#.....# #.......+(###.....#
#####(##### #.......#...#.....'
......# ##........##.#######
).....# #.........##.....#..
......########.#'##....######.#.#
.>.............#.##...)# #...#..
.#.#######.....#.####### #.#####
....# #####.#@# #...... #####
#<#B# #.##### #.#§# #...#.. #[#§#
#####.#.# ###.# #.....#.. #....*#
#.####### ####### #.# #.
#.######. #......#.


You could see a boulder beetle.

Vanquished Creatures
  Joseph (D:7)
  Psyche (D:8)
  A hippogriff (D:8)
  An ice beast (D:3)
  2 black bears (D:6)
  An orc warrior (D:7)
  6 ogres
  3 centaurs
  2 giant frogs (D:7)
  4 big kobolds
  A scorpion (D:7)
  3 crimson imps
  A giant frog zombie (D:5)
  2 goliath beetles (D:7)
  2 jellies
  A giant frog skeleton (D:5)
  3 hounds
  8 orc wizards
  A centaur skeleton (D:8)
  5 orc priests (D:7)
  An iguana (D:4)
  4 worker ants
  Ijyb (D:2)
  A hound skeleton (D:6)
  Robin (D:3)
  3 gnolls (D:5)
  4 adders
  A shadow imp (D:7)
  A giant mite (D:1)
  3 worms
  4 giant geckos
  29 orcs
  A bat skeleton (D:8)
  4 giant cockroaches
  17 goblins
  16 hobgoblins
  11 jackals
  51 kobolds
  A ball python (D:4)
  A ball python skeleton (D:4)
  11 bats
  A giant gecko skeleton (D:4)
  5 giant newts
  A giant spore (D:8)
  4 quokkas
  A quokka zombie (D:5)
  6 rats
  A ballistomycete (D:8)
234 creatures vanquished.

Notes
Turn   | Place    | Note
--------------------------------------------------------------
     0 | D:1      | FedoraBrony69, the Deep Elf Conjurer, began the quest for the Orb.
     0 | D:1      | Reached XP level 1. HP: 10/10 MP: 5/5
   414 | D:1      | Reached XP level 2. HP: 15/15 MP: 4/8
   898 | D:2      | Noticed Ijyb
   911 | D:2      | Killed Ijyb
   911 | D:2      | Reached skill level 5 in Conjurations
   911 | D:2      | Reached XP level 3. HP: 7/19 MP: 0/12
  1485 | D:2      | Reached XP level 4. HP: 24/24 MP: 10/15
  1858 | D:3      | Noticed Robin
  1927 | D:3      | Killed Robin
  1927 | D:3      | Reached skill level 5 in Spellcasting
  2247 | D:3      | Noticed an ice beast
  2256 | D:3      | Killed an ice beast
  2256 | D:3      | Reached skill level 6 in Spellcasting
  2256 | D:3      | Reached XP level 5. HP: 28/28 MP: 7/20
  2263 | D:3      | Learned a level 5 spell: Iskenderun's Battlesphere
  2268 | D:3      | Learned a level 4 spell: Iskenderun's Mystic Blast
  2698 | D:4      | Reached skill level 1 in Charms
  2702 | D:4      | Reached XP level 6. HP: 20/32 MP: 6/22
  2903 | D:4      | Noticed an ogre
  2910 | D:4      | Killed an ogre
  2977 | D:4      | Found Smietoit's General Store.
  3371 | D:4      | Reached XP level 7. HP: 32/36 MP: 19/24
  3433 | D:4      | Reached skill level 7 in Conjurations
  3433 | D:4      | Reached skill level 5 in Charms
  3537 | D:5      | Entered Level 5 of the Dungeon
  4621 | D:5      | Reached XP level 8. HP: 41/41 MP: 9/26
  4910 | D:5      | Reached skill level 8 in Charms
  5542 | D:6      | Found a bloodstained altar of Trog.
  5551 | D:6      | Reached skill level 9 in Charms
  5628 | D:6      | Found a staircase to the Ecumenical Temple.
  5685 | D:6      | Found Fiaroduj's Food Shop.
  5860 | Temple   | Entered the Ecumenical Temple
  6086 | Temple   | Became a worshipper of Vehumet
  6226 | D:6      | Found an opulent altar of Gozag.
  6724 | D:7      | Noticed Joseph
  6733 | D:7      | Killed Joseph
  6733 | D:7      | Reached XP level 9. HP: 36/45 MP: 12/29
  6743 | D:7      | Found an iron altar of Okawaru.
  6961 | D:7      | Reached skill level 10 in Spellcasting
  7185 | D:7      | Acquired Vehumet's first power
  7185 | D:7      | Offered knowledge of Sandblast by Vehumet.
  7619 | D:7      | Reached skill level 10 in Conjurations
  8145 | D:8      | Reached skill level 11 in Spellcasting
  8308 | D:8      | Noticed Psyche
  8313 | D:8      | Killed Psyche
  8400 | D:8      | Rolled over by a boulder beetle

Action                   |  1- 3 |  4- 6 |  7- 9 || total
-------------------------+-------+-------+-------++-------
Melee: Spear             |     4 |       |       ||     4
       Club              |     8 |       |       ||     8
       Dagger            |       |     4 |    30 ||    34
 Cast: Magic Dart        |    72 |   154 |   246 ||   472
       Iskenderun's Myst |       |     6 |    59 ||    65
       Iskenderun's Batt |       |       |    17 ||    17
  Use: Potion            |       |       |     3 ||     3
       Scroll            |       |       |     1 ||     1
  Eat: Chunk             |     2 |     6 |    15 ||    23
       Bread ration      |       |       |     1 ||     1
       Beef jerky        |       |       |     1 ||     1
